[Event "Titled Tuesday Blitz December 20 Early 2022"]
[White "yoelpolanco"]
[Black "DefiantChair"]
[WhiteElo "2374"]
[BlackElo "2631"]
[Result "0-1"]
[Round "04"]
[TimeControl "180+2"]
[Date "2022.12.20"]
[WhiteClock "0:00:59"]
[BlackClock "0:02:06"]

1. d4 Nf6 2. Nf3 d5 3. c4 e6 4. Nc3 Bb4 5. cxd5 exd5 6. Bg5 h6 7. Bxf6 Qxf6 8. Qb3 Bxc3+ 9. bxc3 c6 10. e3 O-O 11. Be2 Nd7 12. O-O Qd6 13. c4 dxc4 14. Bxc4 Nb6 15. Rab1 Nxc4 16. Qxc4 Be6 17. Qc2 b6 18. Rfc1 Rac8 19. Nd2 c5 20. Ne4 Qd5 21. dxc5 Bf5 22. f3 Rfe8 23. Qc4 Bxe4 24. fxe4 Qc6 25. cxb6 Qxc4 26. Rxc4 Rxc4 0-1


[Site "https://www.chess.com"]

[Event "Titled Tuesday Blitz December 20 Early 2022"]
[White "APOKALIPSA13"]
[Black "Dreux, Vincent"]
[BlackFideId "658960"]
[WhiteElo "2220"]
[BlackElo "1937"]
[Result "0-1"]
[Round "05"]
[TimeControl "180+2"]
[Date "2022.12.20"]
[WhiteClock "0:00:17"]
[BlackClock "0:00:48"]

1. e4 c5 2. Be2 d6 3. f4 Nf6 4. d3 Nc6 5. Nf3 g6 6. O-O Bg7 7. Qe1 O-O 8. c3 b5 9. Kh1 b4 10. Be3 Rb8 11. Bg1 bxc3 12. bxc3 c4 13. d4 Nxe4 14. Bxc4 d5 15. Bd3 Nd6 16. Nbd2 Bf5 17. Be2 Na5 18. Nh4 Bd7 19. Rb1 Qc7 20. Qg3 Nf5 21. Nxf5 Bxf5 22. h3 Bxb1 23. Nxb1 Nc4 24. h4 Rb2 25. a3 Rxe2 26. h5 e6 27. Qf3 Rb2 28. Rd1 Rxb1 29. Rxb1 Nd2 30. Qd1 Nxb1 31. Qxb1 Qxf4 32. Bh2 Qh4 0-1


[Site "https://www.chess.com"]

[Event "Titled Tuesday Blitz December 20 Early 2022"]
[White "Abasov, Nijat"]
[Black "gammagramma"]
[WhiteFideId "13402960"]
[WhiteElo "2634"]
[BlackElo "2716"]
[Result "0-1"]
[Round "05"]
[TimeControl "180+2"]
[Date "2022.12.20"]
[WhiteClock "0:00:27"]
[BlackClock "0:01:12"]

1. c4 e6 2. Nf3 d5 3. b3 Nf6 4. Bb2 Be7 5. e3 O-O 6. Qc2 c5 7. g4 Nc6 8. g5 Ne4 9. h4 Nb4 10. Qc1 dxc4 11. Qxc4 Qd5 12. Na3 Qxc4 13. Bxc4 a6 14. Be2 b5 15. d3 Nd6 16. O-O Bb7 17. d4 Nf5 18. dxc5 Bxc5 19. Ne5 Rfd8 20. Rfd1 Nxh4 21. Kh2 Be7 22. f4 Nf5 23. Bc1 Rxd1 24. Bxd1 Rd8 25. Be2 Bc5 26. Ng4 Nd3 27. Nc2 Nxc1 28. Rxc1 Rd2 29. Nd4 Bxd4 0-1


[Site "https://www.chess.com"]

[Event "Titled Tuesday Blitz December 20 Early 2022"]
[White "Abd El Fatah, Reda Fadel"]
[Black "romulocardoso"]
[WhiteFideId "10600752"]
[WhiteElo "2134"]
[BlackElo "2390"]
[Result "1-0"]
[Round "05"]
[TimeControl "180+2"]
[Date "2022.12.20"]
[WhiteClock "0:02:04"]
[BlackClock "0:02:31"]

1. e4 c5 2. d4 cxd4 3. c3 dxc3 4. Nxc3 Nc6 5. Nf3 d6 6. Bb5 a6 7. Ba4 b5 8. Bb3 e5 9. Bxf7+ Kxf7 10. Qd5+ Be6 11. Qxc6 h6 12. Nd5 Be7 13. O-O Nf6 14. Nxf6 Bxf6 15. Rd1 Be7 16. Nxe5+ 1-0


[Site "https://www.chess.com"]

[Event "Titled Tuesday Blitz December 20 Early 2022"]
[White "Abundo, Casto"]
[Black "rasmussvane"]
[WhiteFideId "5200512"]
[WhiteElo "2175"]
[BlackElo "2949"]
[Result "1-0"]
[Round "05"]
[TimeControl "180+2"]
[Date "2022.12.20"]
[WhiteClock "0:00:02"]
[BlackClock "0:00:02"]

1. e4 e5 2. Nf3 Nc6 3. Bb5 a6 4. Ba4 Nf6 5. O-O Be7 6. Re1 b5 7. Bb3 O-O 8. a4 Bb7 9. d3 d6 10. h3 Na5 11. Ba2 c5 12. Nbd2 b4 13. c3 Nc6 14. Nc4 Bc8 15. d4 bxc3 16. dxe5 Nxe5 17. bxc3 Nxc4 18. Bxc4 Bb7 19. e5 dxe5 20. Nxe5 Bd6 21. Bg5 Bxe5 22. Qxd8 Rfxd8 23. Rxe5 Rd7 24. Bxf6 gxf6 25. Rxc5 Rc8 26. Rxc8+ Bxc8 27. a5 Rc7 28. Ra4 Bd7 29. Rb4 Rc5 30. Bxa6 Rxa5 31. Rb6 Rc5 32. Rxf6 Rxc3 33. Rf4 Be6 34. Bb7 h6 35. Bf3 Kg7 36. Kh2 Rc4 37. Rxc4 Bxc4 38. Kg3 f6 39. Kf4 Be6 40. Bg4 Bd5 41. g3 Bf7 42. Bf5 Bd5 43. Be4 Bc4 44. Ke3 Bb3 45. Bf5 Bd5 46. Kd4 Bb3 47. Kc5 Ba2 48. Kd6 Bb3 49. Ke7 Bc4 50. Be6 Bd3 51. Bg4 Be4 52. Be6 Bd3 53. Bd5 Bf5 54. h4 Bd3 55. Ke6 Bc2 56. Bf3 Bb3+ 57. Kf5 Bc4 58. Kf4 Bb3 59. Be4 Be6 60. Ke3 Bc4 61. Kd4 Be6 62. Bd5 Bf5 63. Bc4 Bd7 64. Bd3 Be6 65. Be4 Bd7 66. Bd5 Bf5 67. Ke3 Bd7 68. Kf4 Bb5 69. Be4 Bd7 70. Bd3 Bc6 71. Bf5 Bd5 72. Bg4 Bc4 73. Bf3 Be6 74. Be4 Bc4 75. Kf5 Bf7 76. g4 Bg6+ 77. Kf4 Bf7 78. Bf5 Bd5 79. Ke3 Bc4 80. Be4 Be6 81. Bf5 Bd5 82. Kd4 Bb3 83. Kc5 Bf7 84. Kc6 Bb3 85. Kd6 Bf7 86. Be6 Bg6 87. Ke7 Be4 88. Bf5 Bf3 89. Be6 Be4 90. f4 Bf3 91. Bf5 Be2 92. Bd7 Bf3 93. Be6 Be2 94. Kd6 Bf3 95. Kd7 Be2 96. Ke8 Bf3 97. Ke7 Be2 98. g5 hxg5 99. hxg5 fxg5 100. f5 Bh5 101. f6+ Kh6 102. Bf7 Be2 103. Be8 Bc4 104. Bd7 g4 105. Bxg4 Kh7 106. Be6 1-0


[Site "https://www.chess.com"]

[Event "Titled Tuesday Blitz December 20 Early 2022"]
[White "Aleksandar-Topalov"]
[Black "bazar-wokzal"]
[WhiteElo "2401"]
[BlackElo "2582"]
[Result "0-1"]
[Round "05"]
[TimeControl "180+2"]
[Date "2022.12.20"]
[WhiteClock "0:00:02"]
[BlackClock "0:00:06"]

1. b3 e5 2. Bb2 Nc6 3. c4 Bc5 4. e3 Nf6 5. Nc3 O-O 6. Qc2 d5 7. Nxd5 Nxd5 8. cxd5 Qxd5 9. a3 Bb6 10. Nf3 Bg4 11. Bc4 Qd6 12. Ng5 Qh6 13. h4 Rae8 14. b4 Nd8 15. f3 Bc8 16. O-O-O Kh8 17. g4 f6 18. Ne4 Be6 19. g5 Qh5 20. gxf6 gxf6 21. Be2 Qf7 22. Rdg1 Rg8 23. Kb1 Rxg1+ 24. Rxg1 Rg8 25. Rxg8+ Kxg8 26. f4 Ba2+ 27. Ka1 Bb3 28. Qc3 Bd5 29. Bd3 Qg6 30. Nc5 Qg1+ 31. Bc1 Nf7 32. Kb2 a5 33. bxa5 Ba7 34. Ne4 Kg7 35. fxe5 fxe5 36. Ng5 Qh2 0-1


[Site "https://www.chess.com"]

[Event "Titled Tuesday Blitz December 20 Early 2022"]
[White "AlexPapasimakopoulos"]
[Black "FairChess_on_YouTube"]
[WhiteElo "2708"]
[BlackElo "3072"]
[Result "0-1"]
[Round "05"]
[TimeControl "180+2"]
[Date "2022.12.20"]
[WhiteClock "0:00:11"]
[BlackClock "0:00:04"]

1. d4 d5 2. c4 e6 3. Nc3 a6 4. cxd5 exd5 5. Qb3 Bd6 6. Nf3 Ne7 7. e3 O-O 8. Bd2 c6 9. Bd3 Nd7 10. O-O Nf6 11. Ne2 a5 12. Qc2 Bg4 13. Ng3 Ng6 14. Bc3 Qd7 15. Ne5 Qc8 16. f4 Re8 17. h3 Bd7 18. Nf5 Bf8 19. g4 Ne4 20. Bxe4 dxe4 21. Ng3 Nh4 22. Nxe4 f6 23. Nxd7 Qxd7 24. Rae1 Qd5 25. Qf2 Rxe4 26. Qxh4 Rae8 27. Qf2 Qxa2 28. Ra1 Qb3 29. Rfe1 a4 30. Qd2 b5 31. Qc1 c5 32. Qd1 Qxd1 33. Raxd1 Rxe3 34. Rxe3 Rxe3 35. dxc5 Bxc5 36. Kg2 b4 37. Bd2 Rd3 38. Kf1 Rxh3 39. Ke2 Rb3 40. Bc1 a3 41. bxa3 bxa3 42. Rd8+ Kf7 43. Ra8 Ke6 44. Ra5 Kd5 45. Kd1 Kc4 46. Ra8 Kd3 47. Rd8+ Bd4 48. Ra8 Bb2 49. Rd8+ Ke4 50. Ra8 Rd3+ 51. Ke2 Rb3 52. Bd2 Kd5 53. Ra7 Bd4 54. Kd1 Bxa7 0-1


[Site "https://www.chess.com"]

[Event "Titled Tuesday Blitz December 20 Early 2022"]
[White "Alexei_Gubajdullin"]
[Black "Chesstrainer1"]
[WhiteElo "2625"]
[BlackElo "2467"]
[Result "1-0"]
[Round "05"]
[TimeControl "180+2"]
[Date "2022.12.20"]
[WhiteClock "0:01:26"]
[BlackClock "0:00:08"]

1. d4 Nf6 2. Nf3 g6 3. Bf4 Bg7 4. e3 O-O 5. Be2 d6 6. O-O Nc6 7. h3 h6 8. Bh2 Ne4 9. c3 f5 10. Nbd2 g5 11. a4 Nxd2 12. Nxd2 e5 13. a5 a6 14. Nc4 e4 15. d5 Ne7 16. Ra4 Ng6 17. Rb4 f4 18. Bg4 f3 19. gxf3 exf3 20. Qd3 Nh4 21. Qe4 Re8 22. Be6+ Bxe6 23. dxe6 d5 24. Qg4 dxc4 25. Rxb7 Rc8 26. Qxc4 Qe7 27. Qxa6 Qxe6 28. Qxe6+ Rxe6 29. Rxc7 Rd8 30. Ra1 Be5 31. Bxe5 Rxe5 32. a6 Rb5 33. a7 Ra8 34. b4 Nf5 35. Ra4 Nd6 36. c4 Re5 37. b5 Nxb5 38. cxb5 Rxb5 39. Rac4 1-0


[Site "https://www.chess.com"]

[Event "Titled Tuesday Blitz December 20 Early 2022"]
[White "AnaKuchava"]
[Black "Artels, Lieven"]
[BlackFideId "205834"]
[WhiteElo "2212"]
[BlackElo "1984"]
[Result "1/2-1/2"]
[Round "05"]
[TimeControl "180+2"]
[Date "2022.12.20"]
[WhiteClock "0:00:18"]
[BlackClock "0:00:58"]

1. d4 Nf6 2. Nf3 g6 3. c4 Bg7 4. Nc3 O-O 5. e4 d6 6. Be2 Nbd7 7. O-O e5 8. Re1 Ne8 9. Bf1 Nb6 10. dxe5 Bd7 11. exd6 cxd6 12. Nd5 Nxd5 13. exd5 f5 14. Ng5 Nf6 15. Ne6 Bxe6 16. Rxe6 Re8 17. Bg5 Rxe6 18. dxe6 Qe7 19. Bxf6 Bxf6 20. Qd5 Re8 21. Rd1 Bxb2 22. Rb1 Be5 23. Rxb7 Qxe6 24. Qxe6+ Rxe6 25. Rxa7 Re8 26. g3 Rc8 27. Rd7 Ra8 28. Kg2 Rxa2 29. c5 Rc2 30. cxd6 Bd4 31. Rd8+ Kf7 32. Bb5 Rxf2+ 33. Kh3 g5 34. Bc4+ Kf6 35. g4 fxg4+ 36. Kxg4 Rf4+ 37. Kg3 Bf2+ 38. Kg2 Rxc4 39. Kxf2 Ke6 40. Rg8 Rc5 41. Rd8 Rd5 42. Kg3 Rxd6 43. Rxd6+ Kxd6 44. Kg4 Ke6 45. Kxg5 Kf7 46. Kh6 Kg8 47. h4 Kh8 48. h5 Kg8 49. Kg5 Kg7 50. h6+ Kh8 51. Kf6 Kg8 52. Ke7 Kh8 53. Kf7 1/2-1/2


[Site "https://www.chess.com"]

[Event "Titled Tuesday Blitz December 20 Early 2022"]
[White "Anata, Choudhury"]
[Black "Lim, Seng Hoo"]
[WhiteFideId "10215026"]
[BlackFideId "5800021"]
[WhiteElo "2172"]
[BlackElo "2440"]
[Result "0-1"]
[Round "05"]
[TimeControl "180+2"]
[Date "2022.12.20"]
[WhiteClock "0:00:11"]
[BlackClock "0:01:24"]

1. d4 Nf6 2. c4 e6 3. Nc3 d5 4. cxd5 exd5 5. Bg5 c6 6. e3 Bd6 7. Bd3 O-O 8. Nf3 Re8 9. O-O h6 10. Bh4 a5 11. Qc2 Na6 12. a3 Nc7 13. Rab1 Bg4 14. Nd2 g5 15. Bg3 Kg7 16. Nb3 Bxg3 17. hxg3 b6 18. e4 dxe4 19. Nxe4 Ncd5 20. Qxc6 Nxe4 21. f3 Nxg3 22. fxg4 Nxf1 23. Rxf1 Re6 24. Qb7 Nf4 25. Bf5 Re7 26. Qc6 Qd5 27. Qxd5 Nxd5 28. Rc1 Rae8 29. Rc6 Re1+ 30. Kh2 R8e2 31. Rd6 Nf4 0-1


[Site "https://www.chess.com"]

[Event "Titled Tuesday Blitz December 20 Early 2022"]
[White "Andrei_Skvortsov"]
[Black "Beca, Rodrigo Martins"]
[BlackFideId "1954490"]
[WhiteElo "2717"]
[BlackElo "2976"]
[Result "1-0"]
[Round "05"]
[TimeControl "180+2"]
[Date "2022.12.20"]
[WhiteClock "0:01:09"]
[BlackClock "0:01:43"]

1. e4 e5 2. d4 exd4 3. Qxd4 Nc6 4. Qd3 Nf6 5. Nc3 d5 6. Nxd5 Nxd5 7. Qxd5 Qxd5 8. exd5 Nb4 9. Bb5+ Bd7 10. Bxd7+ Kxd7 11. Kd1 Nxd5 12. Nf3 f6 13. Re1 Bc5 14. Re2 Rad8 15. c3 Rhe8 16. Bd2 a5 17. Ke1 Kc6 18. Rd1 a4 19. Rxe8 Rxe8+ 20. Kf1 b5 21. Re1 Rxe1+ 22. Nxe1 Nb6 23. Nd3 Bd6 24. h3 Kd5 25. Ke2 c5 26. Be3 g5 27. f3 Kc4 28. Kd2 Nd5 29. Bxc5 Bxc5 30. b3+ axb3 31. Nb2# 1-0


[Site "https://www.chess.com"]

[Event "Titled Tuesday Blitz December 20 Early 2022"]
[White "Arig, Busra"]
[Black "Mestnikov, Aisen"]
[WhiteFideId "6309356"]
[BlackFideId "34130117"]
[WhiteElo "1850"]
[BlackElo "2043"]
[Result "1-0"]
[Round "05"]
[TimeControl "180+2"]
[Date "2022.12.20"]
[WhiteClock "0:00:33"]
[BlackClock "0:00:03"]

1. e4 e5 2. Nc3 Nc6 3. Bc4 g6 4. d3 Bg7 5. Nge2 Nge7 6. O-O O-O 7. f4 d6 8. f5 gxf5 9. exf5 Bxf5 10. Ng3 Bg6 11. Bg5 Qd7 12. Qd2 d5 13. Bb5 a6 14. Ba4 b5 15. Bb3 f6 16. Bh6 Nd4 17. Bxg7 Kxg7 18. Nce2 Nxb3 19. axb3 c5 20. h4 Qg4 21. Qe3 Rfc8 22. h5 Bxh5 23. Nxh5+ Qxh5 24. Rf3 Ng6 25. Raf1 Qg5 26. Qf2 Rc6 27. Rg3 Qh5 28. Rh3 Qg4 29. Rg3 Qe6 30. Qe3 c4 31. Rh3 Qe7 32. Ng3 Qc5 33. Qxc5 Rxc5 34. Nh5+ Kf7 35. d4 exd4 36. Nxf6 Ke6 37. Rxh7 Rf8 38. Ng4 Rxf1+ 39. Kxf1 cxb3 40. cxb3 Rc1+ 41. Ke2 Rc2+ 42. Kd3 Rxb2 43. Nh6 Ne5+ 44. Kxd4 Rxb3 45. g4 Rb4+ 46. Kc5 Rc4+ 47. Kb6 Nxg4 48. Ng8 d4 49. Re7+ Kd6 50. Rg7 Rc6+ 51. Kb7 Ne5 52. Nf6 1-0


[Site "https://www.chess.com"]

[Event "Titled Tuesday Blitz December 20 Early 2022"]
[White "Arnaldofdelavaramulet"]
[Black "Kazgildy, Fariza"]
[BlackFideId "13724860"]
[WhiteElo "2648"]
[BlackElo "1189"]
[Result "1-0"]
[Round "05"]
[TimeControl "180+2"]
[Date "2022.12.20"]
[WhiteClock "0:01:03"]
[BlackClock "0:00:40"]

1. Nf3 d5 2. c4 e6 3. g3 Nf6 4. Bg2 Be7 5. O-O O-O 6. b3 c5 7. cxd5 exd5 8. d4 Nc6 9. Bb2 Be6 10. Nc3 h6 11. dxc5 Bxc5 12. Rc1 Qe7 13. e3 Rfd8 14. Ne2 Ne4 15. Nf4 Rac8 16. Nh5 f6 17. Nf4 Bf7 18. Bh3 Rc7 19. Qd3 Ne5 20. Qe2 Nxf3+ 21. Qxf3 Ng5 22. Qg4 Nxh3+ 23. Qxh3 Rcd7 24. Rfe1 Qe4 25. Rxc5 d4 26. Rd1 dxe3 27. Rxd7 Rxd7 28. Qxd7 Bh5 29. Qc8+ Kh7 30. Qf5+ Qxf5 31. Rxf5 Bg4 32. Rd5 e2 33. Bc3 Bf3 34. Rd3 1-0


[Site "https://www.chess.com"]

[Event "Titled Tuesday Blitz December 20 Early 2022"]
[White "AttilaTurzo"]
[Black "Roman_Ovetchkin"]
[WhiteElo "2578"]
[BlackElo "2702"]
[Result "0-1"]
[Round "05"]
[TimeControl "180+2"]
[Date "2022.12.20"]
[WhiteClock "0:00:07"]
[BlackClock "0:00:10"]

1. d4 Nf6 2. Bf4 d6 3. Nc3 Nbd7 4. e4 e5 5. Be3 c6 6. Qd2 b5 7. f3 Qc7 8. Nh3 Nb6 9. Nf2 Be7 10. a4 b4 11. Ncd1 a5 12. c3 O-O 13. cxb4 axb4 14. dxe5 dxe5 15. b3 Be6 16. Qc2 c5 17. Nb2 Rfd8 18. Bc4 Nxc4 19. Nxc4 Nd7 20. Nd3 f6 21. O-O Bf7 22. a5 Ra6 23. Ndb2 Nf8 24. Rfd1 Ne6 25. Rxd8+ Qxd8 26. Rd1 Nd4 27. Qd3 Ra7 28. f4 exf4 29. Bxf4 Bg6 30. Qe3 Qd7 31. e5 Qe6 32. exf6 Qxe3+ 33. Bxe3 Bxf6 34. Bxd4 Bxd4+ 35. Kf1 Bc2 36. Re1 Bxb3 37. Re8+ Kf7 38. Nd6+ Kg6 39. Nbc4 Bc2 40. Ke2 b3 41. Kd2 Ra6 42. Re6+ Bf6 43. g4 h5 44. gxh5+ Kxh5 45. Kc1 Bg6 46. Re5+ Bxe5 0-1


[Site "https://www.chess.com"]

[Event "Titled Tuesday Blitz December 20 Early 2022"]
[White "AttractiveChess"]
[Black "MartinMatthiesen"]
[WhiteElo "2784"]
[BlackElo "2497"]
[Result "1-0"]
[Round "05"]
[TimeControl "180+2"]
[Date "2022.12.20"]
[WhiteClock "0:01:59"]
[BlackClock "0:00:35"]

1. Nf3 d5 2. c4 c6 3. g3 Nf6 4. Bg2 dxc4 5. O-O Nbd7 6. Qc2 Nb6 7. a4 g6 8. a5 Nbd5 9. Qxc4 a6 10. d3 Bg7 11. Qh4 h6 12. Bd2 Qc7 13. Na3 e5 14. Qa4 O-O 15. Rfc1 Re8 16. e4 Ne7 17. Nc4 Nd7 18. Bb4 c5 19. Nb6 Rb8 20. Bxc5 Qc6 21. Qxc6 Nxc6 22. Bd6 Nxb6 23. Bxb8 Nxb8 24. axb6 Nd7 25. Bh3 Nxb6 26. Bxc8 Nxc8 27. Rc7 Nd6 28. Rd7 Bf8 29. Rc1 Be7 30. Nxe5 Bg5 31. f4 1-0


[Site "https://www.chess.com"]

[Event "Titled Tuesday Blitz December 20 Early 2022"]
[White "Aygehovit1992"]
[Black "Al-Kailani, Zaid"]
[BlackFideId "8100187"]
[WhiteElo "2682"]
[BlackElo "2053"]
[Result "1-0"]
[Round "05"]
[TimeControl "180+2"]
[Date "2022.12.20"]
[WhiteClock "0:00:08"]
[BlackClock "0:00:01"]

1. e4 e6 2. d4 d5 3. Nc3 Bb4 4. e5 c5 5. a3 Bxc3+ 6. bxc3 Qa5 7. Bd2 Qa4 8. h4 cxd4 9. cxd4 Nc6 10. c3 Qxd1+ 11. Kxd1 Nge7 12. h5 h6 13. g4 f6 14. f4 Bd7 15. Nf3 Rc8 16. exf6 gxf6 17. g5 fxg5 18. fxg5 hxg5 19. Nxg5 e5 20. Rb1 b6 21. dxe5 Nxe5 22. Rb4 Nc4 23. Bxc4 dxc4 24. h6 Nd5 25. Rb2 Rc6 26. h7 Bf5 27. Kc1 a6 28. Be1 Nf4 29. Rbh2 Rg6 30. Bd2 Nd3+ 31. Kd1 Kf8 32. Rf1 Rf6 33. Ne6+ Kf7 34. Ng5+ Kg7 35. Rg1 Bg6 36. Be3 Rd6 37. Bd4+ Rxd4 38. cxd4 b5 39. Ne6+ Kf6 40. Nf8 Rxf8 41. h8=Q+ Rxh8 42. Rxh8 Be4 43. Re8 Bd5 44. Rf1+ Kg5 45. Re7 Kg6 46. Re3 Kg5 47. Rg3+ Kh4 48. Rg7 b4 49. Rf8 1-0


[Site "https://www.chess.com"]

[Event "Titled Tuesday Blitz December 20 Early 2022"]
[White "Azoulas, Mark"]
[Black "kritipatel"]
[WhiteFideId "2033208"]
[WhiteElo "2326"]
[BlackElo "2085"]
[Result "1-0"]
[Round "05"]
[TimeControl "180+2"]
[Date "2022.12.20"]
[WhiteClock "0:01:26"]
[BlackClock "0:01:18"]

1. e4 e5 2. Nf3 Nc6 3. Bc4 Nf6 4. d3 Bc5 5. c3 d6 6. Bb3 O-O 7. Nbd2 Ne7 8. Nf1 Ng4 9. Ne3 Nxe3 10. Bxe3 Bb6 11. O-O Ng6 12. h3 h6 13. d4 Qf6 14. Nh2 Be6 15. Ng4 Bxg4 16. Qxg4 Rad8 17. f4 exf4 18. Bxf4 Bxd4+ 19. cxd4 Qxd4+ 20. Kh1 Qxe4 21. Rae1 Qd3 22. Rf3 Ne5 23. Rxd3 Nxg4 24. hxg4 Rfe8 25. Rxe8+ Rxe8 26. Re3 Rd8 27. Re7 c5 28. Rxf7 Kh7 29. Rxb7 d5 30. Rxa7 d4 31. Rc7 d3 32. Rxc5 d2 33. Bd1 Rb8 34. Rc2 Rf8 35. Bxd2 Rf1+ 36. Kh2 Rxd1 37. Bc3 Rb1 38. a4 Kg6 39. a5 Ra1 40. b4 Ra3 41. b5 Kg5 42. b6 h5 43. gxh5 Kxh5 44. b7 g5 45. b8=Q g4 46. Qh8+ Kg5 47. Bd2+ Kf5 48. Rc5+ Ke4 49. Qe5+ Kd3 50. Qe3# 1-0


[Site "https://www.chess.com"]

[Event "Titled Tuesday Blitz December 20 Early 2022"]
[White "BahadirOzen"]
[Black "Jalapeno_Tractor_Schuppen"]
[WhiteElo "2853"]
[BlackElo "2631"]
[Result "1-0"]
[Round "05"]
[TimeControl "180+2"]
[Date "2022.12.20"]
[WhiteClock "0:00:21"]
[BlackClock "0:00:05"]

1. g3 d5 2. Nf3 Nc6 3. Bg2 e5 4. d3 f6 5. c3 Be6 6. b4 a6 7. Nbd2 Bd6 8. a3 Nge7 9. Bb2 O-O 10. c4 Ng6 11. Ng5 fxg5 12. cxd5 Bd7 13. dxc6 bxc6 14. Rc1 Qf6 15. O-O a5 16. Ne4 Qe7 17. Bc3 axb4 18. axb4 Kh8 19. Bd2 h6 20. Nc5 Be8 21. Qc2 Rf6 22. Ne4 Re6 23. b5 Ba3 24. Ra1 Ra7 25. Be3 Ra5 26. Bc5 Bxc5 27. Rxa5 Bb6 28. Ra8 cxb5 29. Bh3 Kh7 30. Bxe6 Qxe6 31. e3 Bf7 32. Rb1 Qd5 33. Rb8 Be6 34. Nc3 Qf3 35. Qe2 Qc6 36. Ne4 Bd5 37. Qf3 Qc2 38. Rxb5 Bc6 39. R5xb6 cxb6 40. Nxg5+ hxg5 41. Qh5# 1-0


[Site "https://www.chess.com"]

[Event "Titled Tuesday Blitz December 20 Early 2022"]
[White "Baki, Peter"]
[Black "Calzadilla De la Cruz, Maray"]
[WhiteFideId "718459"]
[BlackFideId "3509770"]
[WhiteElo "2100"]
[BlackElo "1994"]
[Result "1-0"]
[Round "05"]
[TimeControl "180+2"]
[Date "2022.12.20"]
[WhiteClock "0:00:06"]
[BlackClock "0:00:20"]

1. e4 c5 2. Nf3 d6 3. Bb5+ Bd7 4. Bxd7+ Qxd7 5. O-O Nc6 6. Re1 g6 7. c3 Bg7 8. d4 cxd4 9. cxd4 e6 10. Nc3 Nge7 11. Bf4 e5 12. Be3 exd4 13. Nxd4 O-O 14. Nxc6 Nxc6 15. Qd2 Ne5 16. Qe2 Rac8 17. Rad1 Nc4 18. Bd4 Qe6 19. Nd5 Rfe8 20. b3 Bxd4 21. Rxd4 Ne5 22. Qb2 f6 23. h3 Kf7 24. Red1 Nc6 25. R4d2 Qe5 26. Qa3 Rcd8 27. f3 f5 28. Ne3 fxe4 29. Nc4 Qc5+ 30. Qxc5 dxc5 31. Nd6+ Rxd6 32. Rxd6 exf3 33. Rd7+ Kf6 34. R1d6+ Kg5 35. Rd5+ Kf6 36. Rxc5 Re2 37. gxf3 Ne5 38. Rxb7 Nxf3+ 39. Kf1 Rd2 40. Rc3 Nd4 41. Rd7 Rd1+ 42. Kf2 Ke6 43. Rd8 Ke7 44. Rcc8 h5 45. h4 a5 46. a3 Ke6 47. b4 axb4 48. axb4 Ke7 49. b5 Rd2+ 50. Ke3 Rb2 51. Rxd4 Rxb5 52. Rc7+ Kf6 53. Rc6+ Kg7 54. Rd7+ Kh6 55. Rcc7 Rb3+ 56. Kd4 g5 57. Rd6# 1-0


[Site "https://www.chess.com"]

[Event "Titled Tuesday Blitz December 20 Early 2022"]
[White "Barbis, Athanasios"]
[Black "Sergey85Rodchenkov"]
[WhiteFideId "4215800"]
[WhiteElo "1953"]
[BlackElo "2458"]
[Result "0-1"]
[Round "05"]
[TimeControl "180+2"]
[Date "2022.12.20"]
[WhiteClock "0:00:01"]
[BlackClock "0:01:07"]

1. e4 c5 2. Nf3 d6 3. Bb5+ Nd7 4. c4 a6 5. Ba4 Nf6 6. Nc3 e6 7. O-O Be7 8. d4 cxd4 9. Nxd4 Qc7 10. Be3 O-O 11. Rc1 Ne5 12. Qe2 Nxc4 13. Bg5 b5 14. Ncxb5 axb5 15. Bxb5 Qc5 16. Bxf6 Bxf6 17. Rxc4 Qb6 18. Rd1 Rxa2 19. Rb4 Qa5 20. Nc6 Qc7 21. Qc4 Ra8 22. Qc2 Bb7 23. Rc4 Qb6 24. Qb3 h6 25. h3 Rfc8 26. Rxd6 Be5 27. Nxe5 Qxd6 28. Rxc8+ Rxc8 29. Nf3 Rc1+ 0-1


[Site "https://www.chess.com"]

[Event "Titled Tuesday Blitz December 20 Early 2022"]
[White "Baskaran, Darza"]
[Black "Alphafischer2019"]
[WhiteFideId "29951232"]
[WhiteElo "2318"]
[BlackElo "2543"]
[Result "0-1"]
[Round "05"]
[TimeControl "180+2"]
[Date "2022.12.20"]
[WhiteClock "0:00:02"]
[BlackClock "0:00:05"]

1. e4 c5 2. Nf3 Nc6 3. d4 cxd4 4. Nxd4 g6 5. Nc3 Bg7 6. Be3 Nf6 7. Bc4 O-O 8. O-O Nxe4 9. Nxe4 d5 10. Nxc6 bxc6 11. Bd3 dxe4 12. Bxe4 Qc7 13. Qf3 Bb7 14. c3 a5 15. Qg3 Be5 16. f4 Bd6 17. Qf2 Rfd8 18. Bc2 Rdb8 19. Bb6 Qd7 20. f5 Rf8 21. f6 exf6 22. Qxf6 Be7 23. Qf4 c5 24. Bb3 Qc6 25. Bxf7+ Kg7 26. Rf3 Qxb6 27. Rf2 c4 28. Rf1 Rad8 29. Qe5+ Bf6 30. Qxf6+ Qxf6 31. Rxf6 Rd7 32. Be6 Rxf6 33. Rxf6 Re7 34. Rf4 Rxe6 35. Rxc4 Bd5 36. Rc5 Bxa2 37. Rxa5 Bc4 38. Rc5 Bd3 39. b4 Rf6 0-1


[Site "https://www.chess.com"]

[Event "Titled Tuesday Blitz December 20 Early 2022"]
[White "Benecke, Torsten"]
[Black "Jenkins, Drake"]
[WhiteFideId "16240995"]
[BlackFideId "2022397"]
[WhiteElo "1988"]
[BlackElo "2130"]
[Result "1-0"]
[Round "05"]
[TimeControl "180+2"]
[Date "2022.12.20"]
[WhiteClock "0:01:35"]
[BlackClock "0:00:05"]

1. e4 c5 2. Nf3 g6 3. d4 cxd4 4. Nxd4 Nf6 5. Nc3 Nc6 6. Be3 Bg7 7. f3 d5 8. Bb5 Bd7 9. exd5 Nxd4 10. Bxd7+ Qxd7 11. Bxd4 O-O 12. O-O b5 13. a3 a5 14. Rb1 b4 15. axb4 axb4 16. Bxf6 exf6 17. Ne2 Rfd8 18. c4 bxc3 19. Nxc3 f5 20. Re1 Bxc3 21. bxc3 Ra2 22. Qd4 h5 23. c4 Qa4 24. Ra1 Rxa1 25. Rxa1 Qc2 26. d6 h4 27. h3 Qe2 28. d7 Qe7 29. Rd1 f4 30. c5 Qe3+ 31. Qxe3 fxe3 32. c6 e2 33. Re1 Kf8 34. Rxe2 f5 35. c7 1-0


[Site "https://www.chess.com"]

[Event "Titled Tuesday Blitz December 20 Early 2022"]
[White "Bensenousi, Isk"]
[Black "Aradhya, Garg"]
[WhiteFideId "4206010"]
[BlackFideId "25006746"]
[WhiteElo "2041"]
[BlackElo "2284"]
[Result "0-1"]
[Round "05"]
[TimeControl "180+2"]
[Date "2022.12.20"]
[WhiteClock "0:00:01"]
[BlackClock "0:00:47"]

1. c4 e5 2. g3 Nc6 3. Bg2 Nf6 4. Nc3 g6 5. d3 Bg7 6. Nf3 O-O 7. O-O Re8 8. Bg5 h6 9. Bxf6 Bxf6 10. Nd5 Bg7 11. e4 a5 12. b3 d6 13. Nd2 Nb4 14. Nxb4 axb4 15. Qc1 c6 16. a3 Qb6 17. a4 Be6 18. Qb2 d5 19. Rac1 Rad8 20. cxd5 cxd5 21. Rfe1 dxe4 22. dxe4 Qd4 23. Rc2 Rc8 24. Bf1 Rc3 25. Nc4 h5 26. Rxc3 bxc3 27. Qc2 Bh6 28. Rd1 Bd2 29. Nxd2 Rd8 30. Be2 cxd2 31. Bf3 Qd3 32. Qxd3 Rxd3 33. Be2 Rd4 34. Bc4 Bg4 0-1


[Site "https://www.chess.com"]

[Event "Titled Tuesday Blitz December 20 Early 2022"]
[White "Bilandani, Vansh"]
[Black "supertfc"]
[WhiteFideId "8511292"]
[WhiteElo "2488"]
[BlackElo "2268"]
[Result "1-0"]
[Round "05"]
[TimeControl "180+2"]
[Date "2022.12.20"]
[WhiteClock "0:00:10"]
[BlackClock "0:00:01"]

1. d4 Nf6 2. Nf3 d5 3. c4 e6 4. Nc3 Bb4 5. Qb3 Nc6 6. a3 Bd6 7. Bg5 dxc4 8. Qxc4 O-O 9. e3 e5 10. d5 Nb8 11. Bd3 Nbd7 12. O-O a6 13. Qh4 h6 14. Bxh6 gxh6 15. Qxh6 Re8 16. Ng5 e4 17. Ncxe4 Bxh2+ 18. Qxh2 Ne5 19. Qh6 Ng6 20. Nxf6+ Qxf6 21. Nxf7 1-0


[Site "https://www.chess.com"]